PA
ATHLETIC CLUB KC U-21 @ GWINNETT COUNTY BLACK CATS
09/03/2028
 
TOP OF THE 1ST
Athletic Club KC U-21 batting - Pitching for Gwinnett County Black Cats : LHP Efren Rasonable
Pitching: LHP Efren Rasonable
Batting: LHB Takayuki Yoshikawa 0-0: Called Strike
0-1: Called Strike
0-2: Ball
1-2: Foul Ball, location: 2F
1-2: Fly out, F9 (Line Drive, 9S)
Batting: RHB Tae-kyun Chon 0-0: Called Strike
0-1: Foul Ball, location: 2F
0-2: Foul Ball, location: 2F
0-2: Ball
1-2: Strikes out swinging
Batting: LHB Wu-shun Chu 0-0: Ball
1-0: Foul Ball, location: 2F
1-1: Ball
2-1: Foul Ball, location: 2F
2-2: Ball
3-2: Base on Balls
Batting: RHB Colin Bottone 0-0: Ball
1-0: Ground out 5-3 (Groundball, 56S)
Top of the 1st over - 0 run(s), 0 hit(s), 0 error(s), 1 left on base; Athletic Club KC 0 - Gwinnett County 0
BOTTOM OF THE 1ST
Gwinnett County Black Cats batting - Pitching for Athletic Club KC U-21 : RHP Lester Roadley
Pitching: RHP Lester Roadley
Batting: RHB Sidney Mackell 0-0: Bunt for hit - play at first, batter OUT! 2-3
Batting: SHB Raúl Rodríguez 0-0: Foul Ball, location: 2F
0-1: Ground out 4-3 (Groundball, 4)
Batting: RHB Juan Pedraza 0-0: Foul Ball, location: 2F
0-1: Foul Ball, location: 2F
0-2: Foul Ball, location: 2F
0-2: Ball
1-2: Ball
2-2: Reached on error, E4 (Groundball, 4)
Batting: RHB Matt Jeong 0-0: Ball
1-0: Ball
2-0: Swinging Strike
2-1: Foul Ball, location: 2F
2-2: Foul Ball, location: 2F
2-2: SINGLE (Groundball, 6) (infield hit)
Juan Pedraza to second
Batting: SHB Júlio González 0-0: Ball
1-0: Ball
2-0: Called Strike
2-1: SINGLE (Line Drive, 8LS)
Juan Pedraza to third
Matt Jeong to second
Runner from 3rd tries for Home, SAFE, no throw
Batting: LHB Marvello Obra 0-0: Called Strike
0-1: Ball
1-1: Swinging Strike
1-2: Strikes out swinging
Bottom of the 1st over - 1 run(s), 2 hit(s), 1 error(s), 2 left on base; Athletic Club KC 0 - Gwinnett County 1
TOP OF THE 2ND
Athletic Club KC U-21 batting - Pitching for Gwinnett County Black Cats : LHP Efren Rasonable
Batting: LHB Chi-hun Chong 0-0: Ball
1-0: DOUBLE (Line Drive, 9LM)
Batting: RHB Tasuku Goto 0-0: SINGLE (Flyball, 9S)
Chi-hun Chong to third
Batting: RHB Troy Whitehurst 0-0: Ball
1-0: Ball
2-0: Fly out, F6 (Line Drive, 6M)
Batting: RHB Dewey Nauss 0-0: Ball
1-0: Called Strike
1-1: Ball
2-1: Foul Ball, location: 2F
2-2: Strikes out swinging
Batting: RHB Tony Osorio 0-0: Swinging Strike
0-1: Ball
1-1: Swinging Strike
1-2: SINGLE (Line Drive, 7S)
Chi-hun Chong scores
Tasuku Goto to second
Batting: LHB Takayuki Yoshikawa 0-0: Ball
1-0: Called Strike
1-1: Swinging Strike
1-2: Foul Ball, location: 2F
1-2: Ball
2-2: Fly out, F8 (Flyball, 8LD)
Top of the 2nd over - 1 run(s), 3 hit(s), 0 error(s), 2 left on base; Athletic Club KC 1 - Gwinnett County 1
BOTTOM OF THE 2ND
Gwinnett County Black Cats batting - Pitching for Athletic Club KC U-21 : RHP Lester Roadley
Batting: RHB Rikky van Opel 0-0: Called Strike
0-1: Foul Ball, location: 2F
0-2: Ball
1-2: Ball
2-2: Ball
3-2: Strikes out swinging
Batting: RHB Chang-lit Min 0-0: Called Strike
0-1: Ball
1-1: Ball
2-1: Foul Ball, location: 2F
2-2: TRIPLE (Line Drive, 9LS)
Batting: RHB Kauna Aleferede 0-0: Ball
1-0: Called Strike
1-1: Fly out, F9 (Flyball, 9)
Runner from 3rd tags up, SCORES, no throw
Batting: RHB Sidney Mackell 0-0: Ball
1-0: Ball
2-0: Called Strike
2-1: Foul Ball, location: 2F
2-2: Foul Ball, location: 2F
2-2: Strikes out swinging
Bottom of the 2nd over - 1 run(s), 1 hit(s), 0 error(s), 0 left on base; Athletic Club KC 1 - Gwinnett County 2
TOP OF THE 3RD
Athletic Club KC U-21 batting - Pitching for Gwinnett County Black Cats : LHP Efren Rasonable
Batting: RHB Tae-kyun Chon 0-0: Called Strike
0-1: Ball
1-1: Ball
2-1: Ground out 6-3 (Groundball, 6)
Batting: LHB Wu-shun Chu 0-0: Called Strike
0-1: SINGLE (Popup, 25)
Batting: RHB Colin Bottone 0-0: Foul Ball, location: 2F
0-1: DOUBLE (Line Drive, 8LM)
Wu-shun Chu to third
Runner from 3rd tries for Home, SAFE, no throw
Batting: LHB Chi-hun Chong 0-0: Ball
1-0: Called Strike
1-1: Swinging Strike
1-2: Fly out, F2 (Popup, 5S)
Batting: RHB Tasuku Goto 0-0: Ball
1-0: Fly out, F8 (Flyball, 8RM)
Top of the 3rd over - 1 run(s), 2 hit(s), 0 error(s), 1 left on base; Athletic Club KC 2 - Gwinnett County 2
BOTTOM OF THE 3RD
Gwinnett County Black Cats batting - Pitching for Athletic Club KC U-21 : RHP Lester Roadley
Batting: SHB Raúl Rodríguez 0-0: Ball
1-0: Foul Ball, location: 2F
1-1: Ball
2-1: Ball
3-1: Base on Balls
Batting: RHB Juan Pedraza 0-0: Ball
Throwing error on steal attempt, E2
Raúl Rodríguez to third
1-0: Fly out, F9 (Flyball, 9LSF)
Runner from 3rd tags up, SCORES, no throw
Batting: RHB Matt Jeong 0-0: Ball
1-0: Called Strike
1-1: Called Strike
1-2: Ball
2-2: Fly out, F2 (Popup, 5S)
Batting: SHB Júlio González 0-0: Ball
1-0: SINGLE (Groundball, 4MD)
Batting: LHB Marvello Obra 0-0: Swinging Strike
0-1: Ball
1-1: SINGLE (Groundball, 3D)
Júlio González to second
Runner from 2nd tries for 3rd, SAFE, throw made to third
Batting: RHB Rikky van Opel 0-0: Reached on error, E6 (Groundball, 6)
Júlio González scores
Marvello Obra to second
Batting: RHB Chang-lit Min 0-0: Called Strike
0-1: Ball
1-1: Fielders Choice at 2nd, 6-4 (Groundball, 6)
Bottom of the 3rd over - 2 run(s), 2 hit(s), 2 error(s), 1 left on base; Athletic Club KC 2 - Gwinnett County 4
TOP OF THE 4TH
Athletic Club KC U-21 batting - Pitching for Gwinnett County Black Cats : LHP Efren Rasonable
Batting: RHB Troy Whitehurst 0-0: Ball
1-0: Ground out 1-3 (Groundball, 13)
Batting: RHB Dewey Nauss 0-0: Called Strike
0-1: Ball
1-1: Called Strike
1-2: Ball
2-2: Fly out, F2 (Popup, 3S)
Batting: RHB Tony Osorio 0-0: Called Strike
0-1: Swinging Strike
0-2: Strikes out looking
Top of the 4th over - 0 run(s), 0 hit(s), 0 error(s), 0 left on base; Athletic Club KC 2 - Gwinnett County 4
BOTTOM OF THE 4TH
Gwinnett County Black Cats batting - Pitching for Athletic Club KC U-21 : RHP Lester Roadley
Batting: RHB Kauna Aleferede 0-0: Ball
1-0: Ball
2-0: Swinging Strike
2-1: Swinging Strike
2-2: Ball
3-2: Fly out, F9 (Flyball, 9LS)
Batting: RHB Sidney Mackell 0-0: Ball
1-0: Ball
2-0: Ball
3-0: Called Strike
3-1: Base on Balls
Batting: SHB Raúl Rodríguez 0-0: Ball
1-0: Fielders Choice at 2nd, 6-4 (Groundball, 6)
Batting: RHB Juan Pedraza 0-0: Foul Ball, location: 2F
0-1: Ball
1-1: Ball
2-1: SINGLE (Line Drive, 6M)
Raúl Rodríguez to second
Batting: RHB Matt Jeong 0-0: SINGLE (Flyball, 9LS)
Raúl Rodríguez to third
Juan Pedraza to second
Runner from 3rd tries for Home, SAFE, throw made home
Juan Pedraza to third
Matt Jeong to second
Batting: SHB Júlio González 0-0: Ball
1-0: Foul Ball, location: 2F
1-1: Ground out 4-3 (Groundball, 4S)
Bottom of the 4th over - 1 run(s), 2 hit(s), 0 error(s), 2 left on base; Athletic Club KC 2 - Gwinnett County 5
TOP OF THE 5TH
Athletic Club KC U-21 batting - Pitching for Gwinnett County Black Cats : LHP Efren Rasonable
Batting: LHB Takayuki Yoshikawa 0-0: Ball
1-0: Foul Ball, location: 2F
1-1: Ball
2-1: Called Strike
2-2: Ball
3-2: Ground out U3 (Groundball, 34)
Batting: RHB Tae-kyun Chon 0-0: Ball
1-0: Foul Ball, location: 2F
1-1: Foul Ball, location: 2F
1-2: Foul Ball, location: 2F
1-2: Ball
2-2: SINGLE (Flyball, 9LS)
Batting: LHB Wu-shun Chu 0-0: Ball
Tae-kyun Chon is caught stealing 2nd base
1-0: Foul Ball, location: 2F
1-1: Ball
2-1: Swinging Strike
2-2: Ball
3-2: Fly out, F4 (Line Drive, 4)
Top of the 5th over - 0 run(s), 1 hit(s), 0 error(s), 0 left on base; Athletic Club KC 2 - Gwinnett County 5
BOTTOM OF THE 5TH
Gwinnett County Black Cats batting - Pitching for Athletic Club KC U-21 : RHP Lester Roadley
Batting: LHB Marvello Obra 0-0: Fly out, F7 (Flyball, 7LMF)
Batting: RHB Rikky van Opel 0-0: Called Strike
0-1: Ball
1-1: Swinging Strike
1-2: Foul Ball, location: 2F
1-2: Ball
2-2: Strikes out swinging
Batting: RHB Chang-lit Min 0-0: Ball
1-0: Called Strike
1-1: Ground out 4-3 (Groundball, 4)
Bottom of the 5th over - 0 run(s), 0 hit(s), 0 error(s), 0 left on base; Athletic Club KC 2 - Gwinnett County 5
TOP OF THE 6TH
Athletic Club KC U-21 batting - Pitching for Gwinnett County Black Cats : LHP Efren Rasonable
Batting: RHB Colin Bottone 0-0: Foul Ball, location: 2F
0-1: Foul Ball, location: 2F
0-2: Foul Ball, location: 2F
0-2: Fly out, F9 (Flyball, 9S)
Batting: LHB Chi-hun Chong 0-0: Ball
1-0: Called Strike
1-1: Swinging Strike
1-2: Foul Ball, location: 2F
1-2: Strikes out swinging
Batting: RHB Tasuku Goto 0-0: Ball
1-0: Swinging Strike
1-1: Foul Ball, location: 2F
1-2: Foul Ball, location: 2F
1-2: Foul Ball, location: 2F
1-2: Ball
2-2: Fly out, F9 (Line Drive, 9)
Top of the 6th over - 0 run(s), 0 hit(s), 0 error(s), 0 left on base; Athletic Club KC 2 - Gwinnett County 5
BOTTOM OF THE 6TH
Gwinnett County Black Cats batting - Pitching for Athletic Club KC U-21 : RHP Lester Roadley
Batting: RHB Kauna Aleferede 0-0: Ball
1-0: SINGLE (Groundball, 56D)
Batting: RHB Sidney Mackell 0-0: Bunt missed!
0-1: Sac Bunt - play at first, batter OUT! 1-4
Kauna Aleferede to second
Batting: SHB Raúl Rodríguez 0-0: Called Strike
0-1: Ball
Wild Pitch!
Kauna Aleferede to third
1-1: Ball
2-1: Fly out, F7 (Flyball, 7S)
Batting: RHB Juan Pedraza 0-0: SINGLE (Groundball, 4MD)
Kauna Aleferede scores
Pitching: RHP Andrés Martínez
Batting: RHB Matt Jeong 0-0: Called Strike
0-1: Foul Ball, location: 2F
0-2: Ground out 1-3 (Groundball, 13)
Bottom of the 6th over - 1 run(s), 2 hit(s), 0 error(s), 1 left on base; Athletic Club KC 2 - Gwinnett County 6
TOP OF THE 7TH
Athletic Club KC U-21 batting - Pitching for Gwinnett County Black Cats : LHP Efren Rasonable
Batting: RHB Troy Whitehurst 0-0: Called Strike
0-1: Ball
1-1: Ball
2-1: Ball
3-1: Ground out 5-3 (Groundball, 56)
Batting: RHB Dewey Nauss 0-0: Called Strike
0-1: Called Strike
0-2: Ball
1-2: Ball
2-2: Ball
3-2: Base on Balls
Pitching: RHP Armond Bocci
Batting: RHB Tony Osorio 0-0: Called Strike
0-1: Called Strike
0-2: Ball
1-2: Ball
2-2: Ball
3-2: Foul Ball, location: 2F
3-2: Strikes out swinging
Batting: LHB Takayuki Yoshikawa 0-0: Ball
1-0: Ball
2-0: Foul Ball, location: 2F
2-1: Ground out 3-1 (Groundball, 34)
Top of the 7th over - 0 run(s), 0 hit(s), 0 error(s), 1 left on base; Athletic Club KC 2 - Gwinnett County 6
BOTTOM OF THE 7TH
Gwinnett County Black Cats batting - Pitching for Athletic Club KC U-21 : RHP Andrés Martínez
Batting: SHB Júlio González 0-0: Ball
1-0: Ground out 6-3 (Groundball, 6)
Batting: LHB Marvello Obra 0-0: Ball
1-0: Called Strike
1-1: Ball
2-1: Fly out, F7 (Flyball, 7LM)
Batting: RHB Rikky van Opel 0-0: Swinging Strike
0-1: Foul Ball, location: 2F
0-2: Ball
1-2: Ball
2-2: TRIPLE (Line Drive, 89XD)
Batting: RHB Chang-lit Min 0-0: Ball
1-0: Ground out 4-3 (Groundball, 4)
Bottom of the 7th over - 0 run(s), 1 hit(s), 0 error(s), 1 left on base; Athletic Club KC 2 - Gwinnett County 6
TOP OF THE 8TH
Athletic Club KC U-21 batting - Pitching for Gwinnett County Black Cats : RHP Armond Bocci
Batting: RHB Tae-kyun Chon 0-0: Ball
1-0: Ball
2-0: Called Strike
2-1: Fly out, F3 (Popup, 3L)
Batting: LHB Wu-shun Chu 0-0: Ground out 1-3 (Groundball, 13S)
Batting: RHB Colin Bottone 0-0: Fly out, F8 (Flyball, 8RD)
Top of the 8th over - 0 run(s), 0 hit(s), 0 error(s), 0 left on base; Athletic Club KC 2 - Gwinnett County 6
BOTTOM OF THE 8TH
Gwinnett County Black Cats batting - Pitching for Athletic Club KC U-21 : RHP Andrés Martínez
Batting: RHB Kauna Aleferede 0-0: Ball
1-0: Called Strike
1-1: Called Strike
1-2: Ball
2-2: Strikes out swinging
Batting: RHB Sidney Mackell 0-0: Called Strike
0-1: Ball
1-1: Swinging Strike
1-2: Ball
2-2: Strikes out swinging
Batting: SHB Raúl Rodríguez 0-0: Foul Ball, location: 2F
0-1: Ball
1-1: SINGLE (Flyball, 78S)
Batting: RHB Juan Pedraza 0-0: Ball
1-0: Called Strike
1-1: Reached on error, E6 (Popup, 6M)
Raúl Rodríguez to second
Batting: RHB Matt Jeong 0-0: Ball
1-0: Called Strike
1-1: Called Strike
1-2: Ball
2-2: Foul Ball, location: 2F
2-2: Strikes out swinging
Bottom of the 8th over - 0 run(s), 1 hit(s), 1 error(s), 2 left on base; Athletic Club KC 2 - Gwinnett County 6
TOP OF THE 9TH
Athletic Club KC U-21 batting - Pitching for Gwinnett County Black Cats : RHP Armond Bocci
Batting: LHB Chi-hun Chong 0-0: Ball
1-0: Fly out, F8 (Line Drive, 8RD)
Batting: RHB Tasuku Goto 0-0: Foul Ball, location: 2F
0-1: Called Strike
0-2: Strikes out swinging
Batting: RHB Troy Whitehurst 0-0: Called Strike
0-1: Swinging Strike
0-2: Ball
1-2: Ball
2-2: Ball
3-2: Strikes out swinging
Top of the 9th over - 0 run(s), 0 hit(s), 0 error(s), 0 left on base; Athletic Club KC 2 - Gwinnett County 6
Thursday, August 31st, 2017 - OOTP Baseball 17.12 Build 75